 Dungeon Crawl Stone Soup version 0.30.1-11-g7821555f0a (webtiles) character file.

Game seed: 12323874239521471492

10 Chiseanne the Poker (level 2, 21/22 HPs)
             Began as a Demonspawn Wanderer on Nov 25, 2023.
             Quit the game on level 1 of the Dungeon.
             The game lasted 00:00:27 (409 turns).

Chiseanne the Poker (Demonspawn Wanderer)            Turns: 409, Time: 00:00:27

Health: 21/22      AC:  3    Str: 15    XL:     2   Next: 10%
Magic:  2/2        EV: 11    Int: 11    God:
Gold:   28         SH:  0    Dex: 11    Spells: 1/1 levels left

rFire   . . .        a - +2 spear
rCold   . . .        (no shield)
rNeg    . . .        e - +0 leather armour
rPois   .            (helmet restricted)
rElec   .            (no cloak)
rCorr   .            (no gloves)
SInv    .            (no boots)
Will    .....        (no amulet)
Stlth   +            (no ring)
HPRegen 0.23/turn    (no ring)
MPRegen 0.08/turn

%: no passive effects
@: no status effects
A: antennae 1
a: no special abilities


You were on level 1 of the Dungeon.
You visited 1 branch of the dungeon, and saw 1 of its levels.

You collected 28 gold pieces.

Inventory:

Hand Weapons
 a - a +2 spear (weapon)
 b - a +0 falchion
Missiles
 g - 4 stones
Armour
 e - a +0 leather armour (worn)
 f - a +2 helmet
Wands
 c - a wand of flame (5) (quivered)
Scrolls
 d - a scroll of butterflies
 h - a scroll of immolation {unknown}
 i - a scroll of teleportation {unknown}


   Skills:
 * Level 1.8 Fighting
 - Level 1.0 Long Blades
 - Level 4.5 Polearms
 - Level 1.0 Stealth
 - Level 3.0 Evocations


You had one spell level left.
You didn't know any spells.
Your spell library was empty.

Dungeon Overview and Level Annotations

Branches:
Dungeon (1/15)

Altars:


Innate Abilities, Weirdness & Mutations

You have a pair of small antennae on your head.


Message History

You open the door.
There is an open door here.
i - a scroll labelled ONUTZO MUYL You open the door.
There is an open door here.
You open the door.
There is an open door here.
You open the door.
There is an open door here.
You open the door.
There is an open door here.
There is an open door here.
You open the door.
There is an open door here.
A dart slug comes into view.
Found 12 gold pieces.
Found a small silver ring.
The dart slug launches a dart at you. The slug dart misses you.
You hit the dart slug.
The dart slug is heavily wounded.
The dart slug launches a dart at you. The slug dart misses you.
You barely miss the dart slug.
The dart slug is heavily wounded.
You hit the dart slug.
The dart slug is severely wounded.
The dart slug briefly extends its eye-stalks.
The dart slug bites you.
You hit the dart slug.
The dart slug is almost dead.
The dart slug launches a dart at you. The slug dart misses you.
You puncture the dart slug!
You kill the dart slug!
You have reached level 2!
Your demonic ancestry asserts itself...
A pair of antennae grows on your head!
Your +2 helmet falls away!
Are you sure you want to abandon this character and quit the game? (Confirm with "yes".)

##. ... #. #.###### #.
#......#############
#...................
##.##...............###'
.....$.......8....'##...
.......@.........##.#.##
...............###..#...
..........>....#...#####
..............##.###....
.............'##...#.###
...=.........#.###.#....
..........#.##...#.####.
..........#.####.#.####'
... #.####.#...+..


There were no monsters in sight!

Vanquished Creatures
  A dart slug (D:1)
  An endoplasm (D:1)
  A giant cockroach (D:1)
  A quokka (D:1)
  3 bats (D:1)
  A frilled lizard (D:1)
8 creatures vanquished.

Notes
Turn   | Place    | Note
-------+----------+-------------------------------------------
     0 | D:1      | Chiseanne the Demonspawn Wanderer began the quest for the
                  | Orb.
     0 | D:1      | Chiseanne set off with the following items: a +2 spear, a
                  | +0 falchion, a wand of flame (5), a scroll of butterflies,
                  | a +0 leather armour.
     0 | D:1      | Reached XP level 1. HP: 13/13 MP: 1/1
    79 | D:1      | Found a faded altar of an unknown god.
    83 | D:1      | Reached skill level 1 in Fighting
   409 | D:1      | Gained mutation: You have a pair of small antennae on your
                  | head. [demonic ancestry]
   409 | D:1      | Reached XP level 2. HP: 21/22 MP: 2/2
   409 | D:1      | Quit the game

Illustrated notes

Levels and vault maps discovered:
D:1:      nicolae_arrival_somewhat_less_tricky_arrival, layout_basic,
          basic_ecumenical_altar

Skill      XL: |  1 |
---------------+----+-----
Fighting       | 1 |  1.8
Long Blades    | |  1.0
Polearms       | |  4.5
Stealth        | |  1.0
Evocations     | |  3.0

Action                     || total
---------------------------++-------
  Melee: Spear             ||    22
         Punch             ||     1
   Stab: Sleeping          ||     1
  Dodge: Dodged            ||    10
